 Dungeon Crawl Stone Soup version 0.27-a0-869-g165b36e3f0 (webtiles) character file.

Game seed: 7658925570444141214

140 jasper the Insei (level 5, -40/41 HPs)
             Began as a Demonspawn Transmuter on Apr 2, 2021.
             Killed by an exploding kobold (44 damage)
             ... ignited by their inner flame
             ... on level 3 of the Dungeon.
             The game lasted 00:04:46 (3241 turns).

jasper the Insei (Demonspawn Transmuter)            Turns: 3241, Time: 00:04:47

Health: -40/41     AC:  3    Str: 10    XL:     5   Next: 2%
Magic:  8/8        EV: 12    Int: 22    God:
Gold:   156        SH:  0    Dex: 19    Spells: 5/8 levels left

rFire    . . .     SeeInvis .     - Unarmed
rCold    . . .     Faith    .   (no shield)
rNeg     . . .     Spirit   .   a - +0 robe
rPois    .         Reflect  .   (no helmet)
rElec    .         Harm     .   (no cloak)
rCorr    .         Rampage  .   (no gloves)
Will     .....                  (no boots)
Stlth    +.........             (no amulet)
HPRegen  0.13/turn              h - +6 ring of intelligence
MPRegen  0.11/turn              d - +6 ring of dexterity

@: no status effects
A: hooves 1, rugged brown scales 1, foul stench 1, powered by pain 1
a: no special abilities


You were on level 3 of the Dungeon.
You visited 1 branch of the dungeon, and saw 3 of its levels.

You collected 156 gold pieces.

Inventory:

Missiles
 f - 30 stones (quivered)
Armour
 a - a +0 robe (worn)
Jewellery
 d - a +6 ring of dexterity (right hand)
 h - a +6 ring of intelligence (left hand)
Scrolls
 c - a scroll of blinking
 e - 3 scrolls of teleportation
 k - a scroll of fear {unknown}
 l - a scroll of brand weapon {unknown}
Potions
 b - a potion of attraction
 i - a potion of heal wounds
 j - a potion of curing


   Skills:
 + Level 2.8 Fighting
 - Level 1.7 Dodging
 * Level 4.5 Unarmed Combat
 - Level 2.0 Spellcasting
 - Level 1.7 Transmutations


You had 5 spell levels left.
You knew the following spells:

 Your Spells              Type           Power      Damage    Failure   Level
a - Beastly Appendage     Tmut           18%        N/A       7%          1
b - Wereblood             Tmut           9%         N/A       10%         2

Your spell library contained the following spells:

 Spells                   Type           Power      Damage    Failure   Level
 Spider Form              Tmut/Pois      3%         N/A       28%         3
 Ice Form                 Ice/Tmut       6%         N/A       67%         4
 Hydra Form               Tmut           4%         N/A       88%         5


Dungeon Overview and Level Annotations

Branches:
Dungeon (3/15)

Altars:


Innate Abilities, Weirdness & Mutations

You have large cloven feet.
You are partially covered in rugged brown scales. (AC +1, +3% HP)
You may rarely emit foul miasma when damaged in melee.
You sometimes gain a little power by taking damage.


Message History

Found a stone staircase leading down.
MP restored: 8
Okay, then.
A kobold comes into view. It is wielding a +0 dagger.
The kobold shouts!
You hear a shout!
As you read the scroll labelled QIYKHECR DIYHI, it crumbles to dust.
The creatures around you are filled with an inner flame!
It was a scroll of immolation.
You aren't carrying any items that you can evoke.
Okay, then.
Throw: 34 stones
Press: ? - help, Q - select action, (/) - cycle Shift-Dir - straight line, f - kobold
Aim: a kobold, wielding a +0 dagger (inner flame, 55% to hit)
You throw a stone. The stone misses the kobold.
A goblin comes into view. It is wielding a +0 dagger.
Throw: 33 stones
Press: ? - help, Q - select action, (/) - cycle Shift-Dir - straight line, f/p - kobold
Aim: a kobold, wielding a +0 dagger (inner flame, 55% to hit)
You throw a stone. The stone misses the kobold.
Throw: 32 stones
Press: ? - help, Q - select action, (/) - cycle Shift-Dir - straight line, f/p - kobold
Aim: a kobold, wielding a +0 dagger (inner flame, 55% to hit)
You throw a stone. The stone barely misses the kobold.
Throw: 31 stones
Press: ? - help, Q - select action, (/) - cycle Shift-Dir - straight line, f/p - kobold
Aim: a kobold, wielding a +0 dagger (inner flame, 55% to hit)
You throw a stone. The stone closely misses the kobold.
The kobold hits you with a +0 dagger.
You take 2 damage, and have 39/41 hp.
You hit the quokka.
Flame seeps out of the quokka.
The quokka is severely wounded.
The quokka is engulfed in blazing flames.
The quokka explodes!
The fiery explosion engulfs the kobold!
The fiery explosion engulfs you!!
Ouch! That really hurt!
* * * LOW HITPOINT WARNING * * *
The kobold explodes!
The fiery explosion engulfs you!!!
Ouch! That really hurt!
You die...

....... #.# .###. ......
#.### (.... .#...
##...####..... .#..#
#.....(.(.....
....#######........g....
...... ........§§§......
..#.# #....§§§§...>.
....#### #.....@○§.(...
.#.....####..######.....
÷##.##..##..## ...
.##.###...†## .
.##.###...##### .
>.............#..
.........####....
)................
<.............#


You could see a goblin.

Vanquished Creatures
  Jessica (D:2)
  5 adders
  2 worms (D:2)
  3 dart slugs
  An orc (D:3)
  3 ball pythons
  5 endoplasms
  2 giant cockroaches
  6 hobgoblins
  8 jackals
  A quokka (D:3)
  4 bats (D:1)
  2 frilled lizards (D:1)
  3 goblins
  6 kobolds
  8 rats
60 creatures vanquished.

Notes
Turn   | Place    | Note
-------+----------+-------------------------------------------
     0 | D:1      | jasper the Demonspawn Transmuter began the quest for the
                  | Orb.
     0 | D:1      | Reached XP level 1. HP: 15/15 MP: 3/3
    98 | D:1      | Reached skill level 3 in Unarmed Combat
   293 | D:1      | Gained mutation: You sometimes gain a little power by
                  | taking damage. [demonic ancestry]
   293 | D:1      | Reached XP level 2. HP: 13/21 MP: 5/5
   524 | D:1      | Found a faded altar of an unknown god.
   979 | D:1      | Gained mutation: You are partially covered in rugged brown
                  | scales. (AC +1, +3% HP) [demonic ancestry]
   979 | D:1      | Reached XP level 3. HP: 22/27 MP: 6/6
   982 | D:1      | Learned a level 2 spell: Wereblood
  2090 | D:2      | Noticed Jessica
  2099 | D:2      | Killed Jessica
  2100 | D:2      | Reached skill level 4 in Unarmed Combat
  2100 | D:2      | Gained mutation: You may rarely emit foul miasma when
                  | damaged in melee. [demonic ancestry]
  2100 | D:2      | Reached XP level 4. HP: 33/33 MP: 5/7
  3213 | D:3      | Lost mutation: You have razor-sharp toenails. [demonic
                  | ancestry]
  3213 | D:3      | Lost mutation: You have sharp toenails. [demonic ancestry]
  3213 | D:3      | Gained mutation: You have large cloven feet. [demonic
                  | ancestry]
  3213 | D:3      | Reached XP level 5. HP: 41/41 MP: 6/8
  3241 | D:3      | Killed by an exploding kobold... ignited by their inner
                  | flame

Illustrated notes

Levels and vault maps discovered:
D:1:      ncdulo_smallfort, layout_rooms, ebering_ecumenical_altar_rust,
          minmay_tromino_mix6
D:2:      layout_basic, uniq_jessica
D:3:      layout_rooms

Skill      XL: |  1  2  3 |
---------------+----------+-----
Unarmed Combat | 3 4 |  4.5
Fighting       | 2 |  2.8
Dodging        | |  1.7
Spellcasting   | |  2.0
Transmutations | |  1.7

Action                   |  1- 3 |  4- 6 || total
-------------------------+-------+-------++-------
Melee: Unarmed           |    98 |    43 ||   141
       Kick              |     8 |     8 ||    16
       Headbutt          |    11 |     8 ||    19
Throw: Stone             |    51 |    41 ||    92
 Cast: Beastly Appendage |    17 |    14 ||    31
  Use: Scroll            |       |     6 ||     6
 Stab: Sleeping          |     2 |       ||     2
Armor: Robe              |    23 |     3 ||    26
Dodge: Dodged            |    80 |    19 ||    99

Table legend: (Time is in decaauts)
 A = Elapsed time spent in this place.
 B = Non-inter-level travel time spent in this place.
 C = Inter-level travel time spent in this place.
 D = Time resting spent in this place.
 E = Time spent auto-exploring this place.
 F = Levels seen in this place.
 G = Mean time per level.
                   A        B        C        D        E       F      G
               +--------+--------+--------+--------+--------+-----+--------+
         Total |   3239 |   3196 |     43 |    382 |   2302 |   3 | 1079.7 |
       Dungeon |   3239 |   3196 |     43 |    382 |   2302 |   3 | 1079.7 |
               +--------+--------+--------+--------+--------+-----+--------+

Top non-repeatable levels by time:
     D:1: 1507 daAuts
     D:2: 1293 daAuts
     D:3: 438 daAuts
